 Dungeon Crawl Stone Soup version 0.27.0-1-g7a089689b8 (webtiles) character file.

Game seed: 11714786086442240763

16503 RepHenryClay the Severer (level 12, -6/110 HPs)
             Began as a Hill Orc Fighter on Aug 4, 2021.
             Was a High Priest of Qazlal.
             Shot with an arrow by a centaur warrior (13 damage)
             ... on level 13 of the Dungeon.
             The game lasted 00:23:55 (15589 turns).

RepHenryClay the Severer (Hill Orc Fighter)        Turns: 15589, Time: 00:23:55

Health: -6/110     AC: 17    Str: 23    XL:     12   Next: 38%
Magic:  12/12      EV: 12    Int:  8    God:    Qazlal [*****.]
Gold:   680        SH:  6    Dex: 11    Spells: 11/11 levels left

rFire    x . .     SeeInvis .   a - +4 battleaxe (flame)
rCold    + . .     Faith    +   (shield currently unavailable)
rNeg     . . .     Spirit   .   i - +1 chain mail
rPois    .         Reflect  .   (no helmet)
rElec    .         Harm     .   (no cloak)
rCorr    .         Rampage  .   (no gloves)
Will     .....                  x - +2 pair of boots
Stlth    ..........             j - amulet of faith
HPRegen  0.28/turn              C - +4 ring of evasion
MPRegen  0.13/turn              z - ring of ice

@: mighty, about to teleport, repel missiles
A: no striking features
a: Renounce Religion, Upheaval, Elemental Force, Disaster Area


You were on level 13 of the Dungeon.
You worshipped Qazlal.
Qazlal was extremely pleased with you.
You visited 2 branches of the dungeon, and saw 16 of its levels.

You collected 716 gold pieces.
You spent 36 gold pieces at shops.

Inventory:

Hand Weapons
 a - a +4 battleaxe of flaming (weapon)
 b - a +2 mace of venom
 k - a +7 flail of protection
Missiles
 B - 32 poisoned darts (quivered)
Armour
 i - a +1 chain mail (worn)
 x - a +2 pair of boots (worn)
Jewellery
 c - an amulet of guardian spirit
 g - the ring of Ygret {rPois rF+ Will- Int+3}
   (You took it off an orc on level 7 of the Dungeon)

   [ring of protection from fire]

   Int:       It affects your intelligence (+3).
   rF:        It protects you from fire.
   rPois:     It protects you from poison.
   Will:      It decreases your willpower.
 j - an amulet of faith (around neck)
 z - a ring of ice (right hand)
 C - a +4 ring of evasion (left hand)
 I - a +6 ring of intelligence
Wands
 v - a wand of flame (18)
 E - a wand of digging (3)
 K - a wand of polymorph (10)
Scrolls
 l - a scroll of teleportation
 n - a scroll of enchant armour
 q - 3 scrolls of silence
 s - a scroll of vulnerability
 t - a scroll of amnesia
 G - 4 scrolls of identify
Potions
 d - a potion of might
 e - a potion of degeneration
 f - 2 potions of mutation
 h - a potion of lignification
 m - 3 potions of flight
 p - 2 potions of brilliance
 r - a potion of cancellation
 A - a potion of resistance
 D - a potion of curing
Miscellaneous
 o - a condenser vane


   Skills:
 - Level 11.0 Fighting
 - Level 15.1 Axes
 - Level 13.3 Armour
 - Level 3.2 Shields
 + Level 5.0 Evocations


You had 11 spell levels left.
You didn't know any spells.
Your spell library contained the following spells:

 Spells                   Type           Power      Damage    Failure   Level
 Ensorcelled Hibernation  Hex/Ice        0%         N/A       97%         2
 Dazzling Flash           Conj/Hex       0%         N/A       99%         3
 Spider Form              Tmut/Pois      0%         N/A       99%         3
 Cause Fear               Hex            0%         N/A       100%        4
 Agony                    Necr           0%         N/A       100%        5
 Silence                  Hex/Air        0%         N/A       100%        5
 Summon Forest            Summ/Tloc      0%         N/A       100%        5
 Summon Mana Viper        Hex/Summ       0%         N/A       100%        5
 Shadow Creatures         Summ           N/A        N/A       100%        6
 Dragon Form              Tmut           0%         N/A       100%        7
 Dragon's Call            Summ           0%         N/A       100%        9


Dungeon Overview and Level Annotations

Branches:
Dungeon (15/15)            Temple (1/1) D:5            Lair (0/6) D:10
    Orc (0/2) D:10
 Vaults: D:13-14     Depths: D:15

Altars:
Ashenzari
Cheibriados
Dithmenos
Elyvilon
Fedhas
Gozag
Hepliaklqana
Kikubaaqudgha
Makhleb
Nemelex Xobeh
Okawaru
Qazlal
Ru
Sif Muna
Trog
Uskayaw
Vehumet
Wu Jian
Xom
Yredelemnul
Zin
The Shining One
Beogh
Lugonu

Shops:
D:1 (   D:2 !

Annotations:
D:7 unfinished
D:10 3 runed translucent doors, Thraspic's ghost, journeyman GnWn
D:14 Louise


Message History

The centaur is struck by lightning.
Your protection from physical attacks is fading.
You hear an angry hiss.
There is a stone staircase leading up here.
You climb upwards.
The cyclops shouts!
The slime creature quivers.
There is a stone staircase leading down here.
Okay, then.
As you read the scroll of teleportation, it crumbles to dust.
You feel strangely unstable.
A slime creature comes into view.
Okay, then.
You feel very mighty all of a sudden. The cyclops barely misses you.
A slime creature comes into view.
You slash the cyclops! You burn the cyclops.
The cyclops is moderately wounded.
You feel less protected from physical attacks.
A slime creature comes into view.
The cyclops hits you but does no damage.
You slice the cyclops!! You burn the cyclops.
The cyclops is severely wounded.
You hear a shout!
A death knight comes into view. It is wielding a +3 great sword.
The slime creature is engulfed in blazing flames.
You slice the cyclops!! You burn the cyclops.
You kill the cyclops!
Qazlal accepts your kill.
You slash the slime creature! You burn the slime creature!
Your surroundings suddenly seem different.
You hear a shout!
A centaur warrior comes into view.
Your Evocations skill increases to level 5!
Found a scroll labelled KETSIG QECUT.
As you read the scroll of teleportation, it crumbles to dust.
You feel strangely unstable.
The centaur warrior wields a +0 shortbow.
The centaur warrior shoots an arrow.
The arrow hits you!
You die...

######
#.... #...
#.. #.#
#@# #.##
#..#
#.........
#.°.c.....
#...###c..
#...≈ ..
#.#§..
#.#§.?≈


You could see a centaur warrior.

Vanquished Creatures
  An ice dragon (D:10)
  2 hydras (D:11)
  A boulder beetle (D:10)
  A centaur warrior (D:14)
  3 two-headed ogres
  2 cyclopes
  An ugly thing (D:11)
  A manticore (D:11)
  A gargoyle (D:14)
  An unseen horror (D:11)
  4 trolls
  A hornet (D:9)
  Sigmund (D:8)
  2 shadows
  A vampire (D:12)
  A wyvern (D:8)
  14 yaks
  3 steam dragons (D:6)
  Eustachio (D:5)
  Edmund (D:5)
  3 water moccasins
  An ice beast (D:5)
  4 orc warriors
  A sky beast (D:3)
  A black bear (D:6)
  4 ogres
  5 centaurs
  4 phantoms
  2 kobold brigands
  3 bullfrogs
  2 water moccasin zombies (D:5)
  A wyvern skeleton (D:7)
  8 killer bees
  2 troll zombies (D:10)
  3 wights (D:10)
  2 howler monkeys
  3 crimson imps (D:6)
  2 centaur zombies
  A jelly (D:5)
  5 orc priests
  2 hounds
  A bullfrog skeleton (D:6)
  2 iguanas
  8 orc wizards
  6 ogre zombies (D:10)
  3 howler monkey zombies
  A howler monkey skeleton (D:6)
  11 gnolls
  10 adders
  3 worms
  A dart slug (D:1)
  29 orcs
  3 endoplasms
  A giant cockroach (D:3)
  10 goblins
  8 hobgoblins
  6 jackals
  3 quokkas
  10 ball pythons
  5 bats
  A frilled lizard (D:3)
  2 goblin skeletons (D:10)
  A goblin zombie (D:10)
  3 hobgoblin skeletons (D:10)
  5 hobgoblin zombies (D:10)
  20 kobolds
  3 orc skeletons (D:10)
  11 orc zombies (D:10)
  11 rats
280 creatures vanquished.

Vanquished Creatures (others)
  An orc wizard (D:6)
  2 orcs (D:6)
3 creatures vanquished.

Grand Total: 283 creatures vanquished

Notes
Turn   | Place    | Note
-------+----------+-------------------------------------------
     0 | D:1      | RepHenryClay the Hill Orc Fighter began the quest for the
                  | Orb.
     0 | D:1      | Reached XP level 1. HP: 19/19 MP: 1/1
   131 | D:1      | Reached skill level 3 in Axes
   248 | D:1      | Reached XP level 2. HP: 26/26 MP: 2/2
   252 | D:1      | Found Cotopt's Antique Weapon Boutique.
   351 | D:1      | Reached skill level 4 in Axes
   365 | D:1      | Found a faded altar of an unknown god.
   887 | D:2      | Reached XP level 3. HP: 11/31 MP: 3/3
  1137 | D:2      | Found Zytupued's Distillery.
  1142 | D:2      | Reached skill level 5 in Axes
  1147 | D:2      | Bought a potion of curing for 36 gold pieces
  1738 | D:2      | Reached XP level 4. HP: 37/39 MP: 4/4
  1865 | D:2      | Reached skill level 6 in Axes
  1882 | D:2      | HP: 1/58 [worm (4)]
  2386 | D:3      | Noticed a sky beast
  2413 | D:3      | Killed a sky beast
  2414 | D:3      | Reached skill level 7 in Axes
  2414 | D:3      | Reached XP level 5. HP: 21/45 MP: 5/5
  2734 | D:3      | Found an ancient bone altar of Kikubaaqudgha.
  2788 | D:3      | Found a radiant altar of Vehumet.
  2943 | D:3      | Noticed an ogre
  3177 | D:3      | Killed an ogre
  3178 | D:3      | Reached skill level 8 in Axes
  3178 | D:3      | Reached XP level 6. HP: 26/51 MP: 6/6
  3347 | D:3      | Noticed a moth of wrath
  3350 | D:3      | Found a bloodstained altar of Trog.
  3791 | D:3      | Found a snail-covered altar of Cheibriados.
  4156 | D:3      | Reached skill level 9 in Axes
  4258 | D:4      | Found an iron altar of Okawaru.
  4365 | D:4      | Found a sparkling altar of Nemelex Xobeh.
  4707 | D:4      | Reached XP level 7. HP: 47/57 MP: 7/7
  4892 | D:4      | Found a broken altar of Ashenzari.
  4896 | D:4      | Saw a vision of the Swamp and the Spider Nest.
  4896 | D:4      | Noticed a redback
  4896 | D:4      | Noticed a redback
  4896 | D:4      | Noticed a redback
  4896 | D:4      | Noticed a vampire mosquito
  4896 | D:4      | Noticed a vampire mosquito
  4896 | D:4      | Noticed a vampire mosquito
  4896 | D:4      | Noticed a vampire mosquito
  4896 | D:4      | Noticed a hornet
  4962 | D:5      | Entered Level 5 of the Dungeon
  4969 | D:5      | Reached skill level 10 in Axes
  5162 | D:5      | Noticed Eustachio
  5181 | D:5      | Killed Eustachio
  5195 | D:5      | Reached skill level 11 in Axes
  5347 | D:5      | Found a staircase to the Ecumenical Temple.
  5459 | Temple   | Entered the Ecumenical Temple
  5490 | Temple   | Became a worshipper of Qazlal Stormbringer
  5556 | D:5      | Reached XP level 8. HP: 43/64 MP: 8/8
  5696 | D:5      | Reached skill level 12 in Axes
  5726 | D:5      | Noticed Edmund
  5767 | D:5      | Killed Edmund
  5966 | D:5      | Found a glowing silver altar of Zin.
  6446 | D:6      | Found a glowing golden altar of the Shining One.
  6533 | D:6      | Found a shimmering blue altar of Sif Muna.
  6625 | D:6      | Reached skill level 13 in Axes
  7307 | D:6      | Reached skill level 14 in Axes
  7307 | D:6      | Reached XP level 9. HP: 67/70 MP: 9/9
  7773 | D:6      | Found a shimmering altar of Xom.
  8549 | D:7      | Reached skill level 15 in Axes
  8552 | D:7      | Reached * piety under Qazlal
  8552 | D:7      | Identified the ring of Ygret {rPois rF+ Will- Int+3}
  9168 | D:8      | Found a hazy altar of Hepliaklqana.
  9288 | D:8      | Reached skill level 5 in Armour
  9621 | D:8      | Reached skill level 5 in Fighting
  9741 | D:8      | Noticed Sigmund
  9757 | D:8      | Reached XP level 10. HP: 83/83 MP: 10/10
  9804 | D:8      | Killed Sigmund
 10017 | D:8      | Reached ** piety under Qazlal
 11171 | D:9      | Reached skill level 10 in Armour
 11216 | D:9      | Reached *** piety under Qazlal
 11217 | D:9      | Reached XP level 11. HP: 25/95 MP: 11/11
 11904 | D:10     | Entered Level 10 of the Dungeon
 12505 | D:10     | Found a staircase to the Orcish Mines.
 12530 | D:10     | Reached **** piety under Qazlal
 12599 | D:10     | Found a staircase to the Lair.
 12642 | D:10     | Found a hide-covered altar of Uskayaw.
 12748 | D:10     | Noticed a boulder beetle
 12759 | D:10     | Killed a boulder beetle
 12973 | D:10     | Found a runed translucent gate.
 12973 | D:10     | Noticed Thraspic's ghost (journeyman GnWn)
 12973 | D:10     | Identified the +1 chain mail "Reshrinno" {Str+3}
 12974 | D:10     | Found a runed translucent gate.
 12975 | D:10     | Found a runed translucent gate.
 12982 | D:10     | Found a roughly hewn altar of Beogh.
 13035 | D:10     | You fall into a shaft and drop 2 floors!
 13038 | D:12     | Noticed a two-headed ogre
 13301 | D:10     | Noticed an ice dragon
 13312 | D:10     | Killed an ice dragon
 13729 | D:11     | Noticed a manticore
 13741 | D:11     | Killed a manticore
 13792 | D:11     | Noticed a two-headed ogre
 13797 | D:11     | Noticed a green ugly thing
 13802 | D:11     | Killed a two-headed ogre
 13803 | D:11     | Reached skill level 10 in Fighting
 13805 | D:11     | Killed a green ugly thing
 13925 | D:11     | Noticed a six-headed hydra
 13931 | D:11     | Killed a four-headed hydra
 14273 | D:11     | Noticed a cyclops
 14278 | D:11     | Killed a cyclops
 14490 | D:11     | Noticed a two-headed ogre
 14490 | D:11     | Noticed a seven-headed hydra
 14506 | D:11     | Killed a two-headed hydra
 14507 | D:11     | Reached XP level 12. HP: 51/108 MP: 12/12
 14521 | D:11     | Killed a two-headed ogre
 15003 | D:12     | Reached ***** piety under Qazlal
 15231 | D:12     | Found a blossoming altar of Fedhas.
 15345 | D:12     | Killed a two-headed ogre
 15486 | D:12     | You fall into a shaft and drop 3 floors!
 15486 | D:15     | Entered Level 15 of the Dungeon
 15486 | D:15     | Noticed an ogre mage
 15486 | D:15     | Noticed a two-headed ogre
 15486 | D:15     | Noticed a two-headed ogre
 15505 | D:15     | Noticed a seven-headed hydra
 15507 | D:14     | Noticed Louise
 15563 | D:14     | Noticed a centaur warrior
 15567 | D:14     | Killed a centaur warrior
 15572 | D:14     | HP: 3/110 [acid (17)]
 15585 | D:13     | Noticed a death knight
 15586 | D:13     | Noticed a centaur warrior
 15587 | D:13     | Reached skill level 5 in Evocations
 15589 | D:13     | Shot with an arrow by a centaur warrior

Illustrated notes

Levels and vault maps discovered:
D:1:      amcnicky_arrival_single_pillar, layout_loops_cross, serial_shops,
          nicolae_shop_waterfront, dreamdust_ecumenical_altar_statues
D:2:      layout_basic, serial_shops, shop_fountains, supply_closet_lemuel,
          minmay_splitting_lines, minmay_pentomino_x4
D:3:      layout_basic, kiku_gazebo_pond_becter, lemuel_tele_altar,
          fiery_altar_vehumet, tgw_trog, grunt_decor_clamped
D:4:      layout_rooms, nemelex_diamond_rough_becter, grunt_ashenzari_visionary
          [grunt_ashenzari_visionary_swamp, grunt_ashenzari_visionary_spider],
          okawaru_ov_weapons_minmay
D:5:      layout_cave_pools, zin_academy, minmay_temple_entry_poolview,
          serial_park, serial_park_tiny_2, serial_park_square2,
          amcnicky_mini_pool_small, uniq_eustachio, uniq_edmund
D:6:      cheibrodos_steamvent, layout_loops_ring, lemuel_blue_sif_altar,
          mainiacjoe_overflow_alcove_4, led_xom_imps
D:7:      layout_cave_pools, centaur_isle
D:8:      layout_basic, nicolae_hepliaklqana_hazy_memory, kennysheep_path_1,
          sigmund_army
D:9:      layout_rooms
D:10:     layout_roguey, kennysheep_mini, dpeg_oklobed_lair, zombieorc2_lemuel,
          biasface_ghost_orc_armoury, kennysheep_just_a_vault
D:11:     layout_gridville
D:12:     kennysheep_funnel, layout_loops_corners, nicolae_specific_store,
          fedhas_bush_and_centaur_altar, uniq_nessos
D:13:     kennysheep_scales, layout_rooms, serial_shops, shop, shop,
          nicolae_shop_crystal, nicolae_shop_trees, uniq_jorgrun
D:14:     layout_basic, erik_vaults_1, uniq_louise
D:15:     hangedman_depths_entry_try_elsewhere_first, layout_basic,
          serial_glass, glass_columns_c, glass_columns_a, glass_columns_b,
          glass_columns_b, glass_columns_c, glass_columns_a, glass_columns_a,
          glass_columns_b, glass_columns_c, glass_columns_b,
          due_unseen_surprise, feat_on_display
Temple:   corrupted_temple

Skill      XL: |  1  2  3  4  5  6  7  8  9 10 11 12 |
---------------+-------------------------------------+-----
Axes           | 3 4 5 7 8 9 11 14 15 | 15.1
Fighting       | 5 8 10 11 | 11.0
Armour         | 6 10 13 | 13.3
Evocations     | 5 |  5.0
Shields        | |  3.2

Action                   |  1- 3 |  4- 6 |  7- 9 | 10-12 || total
-------------------------+-------+-------+-------+-------++-------
Melee: War axe           |   100 |    74 |       |       ||   174
       Mace              |     6 |    42 |   110 |   180 ||   338
       Hand axe          |       |    29 |   277 |   179 ||   485
       Battleaxe         |       |       |       |    89 ||    89
  Use: Potion            |     1 |     3 |       |     6 ||    10
       Scroll            |       |       |     7 |    19 ||    26
 Stab: Invisible         |       |     2 |       |       ||     2
Armor: Scale mail        |    16 |       |       |       ||    16
       Chain mail        |    45 |    66 |   221 |   201 ||   533
       Skin              |       |     4 |       |       ||     4
Dodge: Dodged            |    25 |    32 |   105 |   218 ||   380
       Repelled          |       |       |       |     1 ||     1
Block: Kite shield       |    64 |    61 |   190 |   230 ||   545
       Other             |       |       |       |    41 ||    41
